 Dungeon Crawl Stone Soup version 0.23-a0-701-gd76f34b (webtiles) character file.

422 Ereth the Poker (level 6, 0/53 HPs)
             Began as a Hill Orc Fighter on Jan 12, 2019.
             Killed by divine providence
             ... invoked by an orc priest
              (10 damage)
             ... on level 4 of the Dungeon.
             The game lasted 00:12:04 (4525 turns).

Ereth the Poker (Hill Orc Fighter)                  Turns: 4525, Time: 00:12:07

Health: 0/53       AC: 16    Str: 20    XL:     6   Next: 95%
Magic:  6/6        EV:  6    Int:  8    God:
Gold:   266        SH: 10    Dex: 11    Spells: 5/5 levels left

rFire    . . .     SeeInvis .   a - +1 trident
rCold    . . .     Gourm    .   c - +0 shield
rNeg     . . .     Faith    .   e - +0 chain mail
rPois    .         Spirit   .   l - +2 helmet
rElec    .         Reflect  .   (no cloak)
rCorr    .         Harm     .   (no gloves)
MR       .....                  i - +0 pair of boots
Stlth    ..........             (no amulet)
HPRegen  0.17/turn              j - +3 ring of protection
MPRegen  0.10/turn              (no ring)

@: no status effects
A: no striking features
a: Convert to Beogh


You were on level 4 of the Dungeon.
You were not hungry.

You visited 1 branch of the dungeon, and saw 4 of its levels.

You collected 266 gold pieces.

Inventory:

Hand Weapons
 a - a +1 trident (weapon)
Armour
 b - a +0 scale mail
 c - a +0 shield (worn)
 e - a +0 chain mail (worn)
 i - a +0 pair of boots (worn)
 l - a +2 helmet (worn)
Jewellery
 j - a +3 ring of protection (left hand)
 n - an uncursed ring of magical power {unknown}
Wands
 g - a wand of polymorph (3)
Scrolls
 k - a scroll of fog
 t - a scroll of enchant weapon
 u - a scroll of identify
Potions
 d - a potion of curing {unknown}
 h - 2 potions of agility
 o - a potion of degeneration
 p - a potion of brilliance
 q - a potion of ambrosia {unknown}
 s - a potion of flight {unknown}
Comestibles
 f - 9 rations
 r - 5 chunks of flesh


   Skills:
 + Level 4.5 Fighting
 + Level 5.5 Polearms
 + Level 4.2 Armour
 + Level 0.8 Dodging
 + Level 5.0 Shields
 + Level 0.7 Unarmed Combat


You had 5 spell levels left.
You didn't know any spells.
Your spell library was empty.

Dungeon Overview and Level Annotations

Branches:
Dungeon (4/15)
 Temple: D:4-7

Altars:
Cheibriados
Gozag
Nemelex Xobeh
Ru

Shops:
D:4 }


Message History

* * * LOW HITPOINT WARNING * * *
The orc priest miscasts a cantrip.
The orc priest shouts, "Surrender to Beogh and we'll let you live!"
You closely miss the orc. You block the orc's attack.
The orc barely misses you.
The orc priest hits you but does no damage.
The orc priest shouts, "Beogh is our master!
Accept the truth or die!"
The orc priest closely misses you.
You hit the orc but do no damage. The orc hits you but does no damage.
You block the orc's attack.
The orc priest threatens, "By the altar or by the axe, you will meet Beogh!"
You block the orc priest's attack. x2
The orc priest shouts, "Surrender to Beogh and we'll let you live!"
You hit the orc but do no damage.
The orc hits you with a +0 flail of protection.
* * * LOW HITPOINT WARNING * * *
You block the orc's attack.
The orc priest mumbles some strange prayers to Beogh against you.
Beogh smites you!
You die...

.# #...........................
.# #...........................
.##+##..#<.......................
.................................
..................M..............
................................#
...............................##
##..........#..ooo......>.....##
#.........#....@o............#
##.........#...................#
#..##.....#...........##.........
...##.....#..........##..........
..<..............................
.......................#
.......>..............##
)....................##
.....................#


You could see a mummy (inner flame), 2 orc priests and 2 orcs.

Vanquished Creatures
  An ogre (D:4)
  A howler monkey (D:4)
  3 orc wizards (D:4)
  A centaur skeleton (D:4)
  A worker ant (D:4)
  Robin (D:2)
  5 adders
  An adder skeleton (D:4)
  2 dart slugs (D:1)
  5 worms
  2 leopard geckos (D:1)
  6 orcs (D:4)
  2 ball pythons
  5 bats
  A giant cockroach (D:1)
  16 goblins
  7 hobgoblins
  2 quokkas (D:3)
  8 frilled lizards
  5 kobolds
  A leopard gecko skeleton (D:4)
  11 rats
87 creatures vanquished.

Notes
Turn   | Place    | Note
-------+----------+-------------------------------------------
     0 | D:1      | Ereth the Hill Orc Fighter began the quest for the Orb.
     0 | D:1      | Reached XP level 1. HP: 19/19 MP: 1/1
    58 | D:1      | Reached XP level 2. HP: 17/27 MP: 2/2
  1002 | D:1      | Reached XP level 3. HP: 33/33 MP: 3/3
  1211 | D:2      | Found a snail-covered altar of Cheibriados.
  1415 | D:2      | Noticed Robin
  1762 | D:2      | Killed Robin
  1798 | D:2      | Reached XP level 4. HP: 27/40 MP: 4/4
  2311 | D:3      | Found a sparkling altar of Nemelex Xobeh.
  2657 | D:3      | Found an opulent altar of Gozag.
  2900 | D:3      | Reached XP level 5. HP: 46/46 MP: 5/5
  3448 | D:4      | Reached XP level 6. HP: 34/52 MP: 6/6
  3571 | D:4      | Found Iselyr's Gadget Shoppe.
  3593 | D:4      | Found a sacrificial altar of Ru.
  3630 | D:4      | Reached skill level 5 in Polearms
  4484 | D:4      | Reached skill level 5 in Shields
  4525 | D:4      | Killed from afar by an orc priest

Vault maps used:
D:1:      saegor_arrival_simple_a, serial_bayou_pond_c, grunt_decor_resistance,
          minmay_tetromino_t4
D:2:      lemuel_crystal_altar, first_ration, uniq_robin
D:3:      nemelex_xobeh_ov_fountains_minmay, old_standard_altar,
          chequers_decorated_corner
D:4:      kennysheep_little_box, nicolae_ru_sacrificial_ziggurat,
          gup_ossuary_entry_pyramid, serial_shops, shop_fountains,
          dk_noncrumbling_2

Skill      XL: |  1  2  3  4  5  6 |
---------------+-------------------+-----
Polearms       | 3 4 5 |  5.5
Shields        | 4 5 |  5.0
Fighting       | 4 |  4.5
Armour         | 4 |  4.2
Dodging        | |  0.8
Unarmed Combat | |  0.7

Action                   |  1- 3 |  4- 6 || total
-------------------------+-------+-------++-------
Melee: Trident           |   126 |   306 ||   432
       Unarmed           |    12 |       ||    12
Evoke: Wand              |       |     2 ||     2
  Use: Scroll            |     3 |    11 ||    14
       Potion            |     1 |     1 ||     2
  Eat: Chunk             |     2 |     3 ||     5
       Ration            |     1 |     1 ||     2
Armor: Scale mail        |    20 |       ||    20
       Chain mail        |    54 |   177 ||   231
Dodge: Dodged            |    53 |    67 ||   120
Block: Shield            |    62 |   168 ||   230

Table legend:
 A = Non-vault XP
 B = Vault XP
 C = Vault XP percentage of total XP
 D = Non-vault monster count
 E = Vault monster count
 F = Vault count percentage of total count
                 A         B        C        D         E       F
            +---------+---------+-------+---------+---------+-------
      Total |     564 |      39 |   6.5 |      73 |      14 |  16.1
            +---------+---------+-------+---------+---------+-------
        D:1 |      33 |       1 |   2.9 |      17 |       1 |   5.6
        D:2 |      48 |      38 |  44.2 |      19 |      13 |  40.6
        D:3 |      59 |       0 |   0.0 |      17 |       0 |   0.0
        D:4 |     424 |       0 |   0.0 |      20 |       0 |   0.0
            +---------+---------+-------+---------+---------+-------
